 Dungeon Crawl Stone Soup version 0.18.1-48-g4cf74bf (webtiles) character file.

2644 nikopol the Cleaver (level 9, 0/81 HPs)
             Began as a Minotaur Berserker on Sept 5, 2016.
             Was a High Priest of Trog.
             Shot with an arrow by a centaur (3 damage)
             ... on level 8 of the Dungeon.
             The game lasted 00:13:15 (6463 turns).

nikopol the Cleaver (Minotaur Berserker)            Turns: 6463, Time: 00:13:16

Health: 0/81       AC:  9    Str: 27    XL:     9   Next: 35%
Magic:  2/2        EV: 14    Int:  4    God:    Trog [*****.]
Gold:   541        SH:  0    Dex: 13    Spells: 0 memorised, 8 levels left

rFire  + + .     SeeInvis .     a - +6 battleaxe of Action {antimagic, *Drain rF++}
rCold  . . .     Gourm    .     r - +0 ring mail
rNeg   . . .     Faith    .     (shield currently unavailable)
rPois  .         Spirit   .     (helmet restricted)
rElec  .         Dismiss  .     f - +0 cloak
rCorr  .         Reflect  .     (no gloves)
SustAt +         Harm     .     y - +0 pair of boots
MR     .....                    (no amulet)
Stlth  +.........               I - ring of Dienk {SustAt Str+5}
                                (no ring)

@: not resistant to hostile enchantments, very unstealthy
A: retaliatory headbutt, horns 2
a: Berserk, Trog's Hand, Brothers in Arms, Burn Spellbooks, Renounce Religion


You were on level 8 of the Dungeon.
You worshipped Trog.
Trog was extremely pleased with you.
You were not hungry.

You visited 1 branch of the dungeon, and saw 8 of its levels.

You collected 541 gold pieces.

Inventory:

Hand Weapons
 a - the +6 battleaxe of Action (weapon) {antimagic, *Drain rF++}
   (You found it on level 4 of the Dungeon)

   It disrupts the flow of magical energy around spellcasters and certain
   magical creatures (including the wielder).
   It greatly protects you from fire.
   It causes draining when unequipped.
 C - a +0 hand axe
 L - a +0 shortbow
Missiles
 h - 120 arrows (quivered)
Armour
 f - a +0 cloak (worn)
 r - a +0 ring mail (worn)
 y - a +0 pair of boots (worn)
Jewellery
 I - the ring of Dienk (right hand) {SustAt Str+5}
   (You found it on level 4 of the Dungeon)

   [ring of sustain attributes]

   It sustains your strength, intelligence and dexterity.
   It affects your strength (+5).
Scrolls
 b - a scroll of teleportation {unknown}
 d - 2 scrolls of enchant weapon {unknown}
 e - 3 scrolls of random uselessness {unknown}
 g - 2 scrolls of enchant armour {unknown}
 i - a scroll of blinking {unknown}
 j - 2 scrolls of fear {unknown}
 n - 2 scrolls of recharging {unknown}
 o - 6 scrolls of identify {unknown}
 p - a scroll of amnesia {unknown}
 q - 4 scrolls of noise {unknown}
 t - 2 scrolls of remove curse {unknown}
 w - 2 scrolls of fog {unknown}
 x - a scroll of immolation {unknown}
 H - 4 scrolls of magic mapping {unknown}
 M - a scroll of acquirement {unknown}
Potions
 k - 5 potions of agility {unknown}
 l - a potion of brilliance {unknown}
 m - 3 potions of resistance {unknown}
 s - a potion of berserk rage {unknown}
 z - 2 potions of curing {unknown}
 A - 2 potions of ambrosia {unknown}
 D - a potion of might {unknown}
 F - 2 potions of heal wounds {unknown}
 G - 2 potions of magic {unknown}
 J - 2 potions of mutation {unknown}
Comestibles
 c - 7 bread rations
 u - 6 meat rations
 v - a slice of pizza
 B - a royal jelly
 E - a beef jerky


   Skills:
 + Level 7.8 Fighting
 * Level 10.0 Axes
 + Level 7.2 Armour
 + Level 7.0 Dodging


You had 8 spell levels left.
You didn't know any spells.

Dungeon Overview and Level Annotations

Branches:
Dungeon (8/15)             Temple (0/1) D:6
   Lair: D:8-11

Altars:
Elyvilon
Makhleb
Nemelex Xobeh
Pakellas
Qazlal
Ru
Trog
Vehumet
Xom
Yredelemnul
Zin

Shops:
D:5 [


Innate Abilities, Weirdness & Mutations

You reflexively headbutt those who attack you in melee.
You have a pair of horns on your head.


Message History

3 arrows; a ring mail The centaur shoots an arrow.
The arrow hits you but does no damage.
The centaur shoots an arrow.
The arrow hits you!
* * * LOW HITPOINT WARNING * * *
The centaur shoots an arrow.
The arrow hits you.
* * * LOW HITPOINT WARNING * * *
You see here 4 arrows.
The centaur shoots an arrow.
The arrow hits you!
* * * LOW HITPOINT WARNING * * *
The centaur shoots an arrow.
The arrow hits you but does no damage.
You see here 2 arrows.
The centaur shoots an arrow.
The arrow closely misses you.
You see here an arrow.
The centaur shoots an arrow.
The arrow hits you!
* * * LOW HITPOINT WARNING * * *
The centaur shoots an arrow.
The arrow misses you.
You see here 2 arrows.
The centaur shoots an arrow.
The arrow misses you.
The centaur shoots an arrow.
The arrow hits you.
You die...

####.## #.##
##.......## #..###.#
##.....## ##.....#
####### ####..#####
####...(..#######
#.....###...#...#####
#>......###.(.≈≈≈≈≈≈≈
#.....#...(###≈≈≈≈≈≈≈
#.....####.(@(≈≈≈≈≈≈≈
####### ####(≈≈≈≈≈≈≈
#(≈≈≈≈≈≈≈ #(≈≈≈≈≈..
#(≈≈≈c≈.. #(≈≈≈c≈..
#(≈≈≈c≈≈≈ #(≈≈≈≈≈≈≈
#(≈≈≈≈≈≈≈


You could see 3 centaurs.

Vanquished Creatures
  A troll (D:7)
  Eustachio (D:6)
  A hungry ghost (D:8)
  A steam dragon (D:8)
  An orc warrior (D:7)
  A sky beast (D:8)
  A black bear (D:6)
  3 ogres
  A centaur (D:7)
  4 giant frogs
  A wyvern skeleton (D:7)
  5 wights (D:7)
  2 howler monkeys
  A centaur zombie (D:6)
  2 giant frog zombies
  A centaur skeleton (D:7)
  3 orc priests
  An iguana (D:4)
  4 orc wizards
  6 worker ants
  2 hound zombies (D:6)
  A hound skeleton (D:8)
  5 gnolls
  8 adders
  2 shadow imps
  2 oozes
  An adder skeleton (D:5)
  An adder zombie (D:8)
  4 worms
  4 dart slugs
  7 giant geckos
  18 orcs
  3 ball pythons (D:1)
  10 bats
  6 giant cockroaches
  5 goblins
  8 hobgoblins
  7 jackals
  2 kobolds
  4 quokkas
  8 giant newts
  A quokka skeleton (D:4)
  12 rats
  A spectral orc (D:7)
163 creatures vanquished.

Vanquished Creatures (others)
  A deep elf annihilator (D:6)
  A ball python (D:2)
2 creatures vanquished.

Grand Total: 165 creatures vanquished

Notes
Turn   | Place    | Note
--------------------------------------------------------------
     0 | D:1      | nikopol the Minotaur Berserker began the quest for the Orb.
     0 | D:1      | Reached XP level 1. HP: 19/19 MP: 0/0
   140 | D:1      | Reached XP level 2. HP: 26/27 MP: 1/1
   346 | D:1      | Reached ** piety under Trog
   441 | D:1      | Found a sparkling altar of Nemelex Xobeh.
   479 | D:1      | Reached skill level 4 in Axes
   610 | D:1      | Reached XP level 3. HP: 33/33 MP: 2/2
   818 | D:2      | Found a white marble altar of Elyvilon.
   865 | D:2      | Found a radiant altar of Vehumet.
   869 | D:2      | Found a stormy altar of Qazlal.
   869 | D:2      | Found a glowing silver altar of Zin.
   872 | D:2      | Found a burning altar of Makhleb.
  1795 | D:3      | Reached XP level 4. HP: 41/41 MP: 3/3
  2246 | D:3      | Reached XP level 5. HP: 25/47 MP: 4/4
  2495 | D:3      | Reached *** piety under Trog
  2873 | D:4      | Noticed a moth of wrath
  2876 | D:4      | Found a bloodstained altar of Trog.
  2994 | D:4      | Got a faintly glowing battleaxe
  2995 | D:4      | Identified the +6 battleaxe of Action {antimagic, *Drain rF++} (You found it on level 4 of the Dungeon)
  3034 | D:4      | Noticed an ogre
  3042 | D:4      | Killed an ogre
  3042 | D:4      | Reached skill level 5 in Fighting
  3042 | D:4      | Reached skill level 5 in Axes
  3042 | D:4      | Reached XP level 6. HP: 46/56 MP: 1/5
  3485 | D:4      | Got a scintillating silver ring
  3487 | D:4      | Identified the ring of Dienk {SustAt Str+5} (You found it on level 4 of the Dungeon)
  3646 | D:5      | Entered Level 5 of the Dungeon
  3883 | D:5      | Reached XP level 7. HP: 61/61 MP: 2/6
  3896 | D:5      | Reached skill level 6 in Axes
  3958 | D:5      | Reached **** piety under Trog
  4087 | D:5      | Found Taso's Antique Armour Boutique.
  4211 | D:6      | Reached skill level 5 in Armour
  4211 | D:6      | Reached skill level 5 in Dodging
  4384 | D:6      | Reached skill level 7 in Axes
  4387 | D:6      | Found a shimmering altar of Xom.
  4647 | D:6      | Found an oddly glowing altar of Pakellas.
  4648 | D:6      | Noticed a deep elf annihilator
  4658 | D:6      | Killed a deep elf annihilator
  4706 | D:6      | Found a staircase to the Ecumenical Temple.
  4768 | D:6      | Noticed Eustachio
  4791 | D:6      | Killed Eustachio
  4791 | D:6      | Reached XP level 8. HP: 68/70 MP: 2/7
  5185 | D:7      | Reached skill level 8 in Axes
  5417 | D:7      | Noticed a troll
  5422 | D:7      | Killed a troll
  5549 | D:7      | Found a sacrificial altar of Ru.
  5627 | D:7      | Reached skill level 9 in Axes
  5631 | D:7      | Reached XP level 9. HP: 52/79 MP: 2/8
  5909 | D:7      | Found a basalt altar of Yredelemnul.
  6182 | D:8      | Reached ***** piety under Trog
  6241 | D:8      | Reached skill level 10 in Axes
  6462 | D:8      | HP: 3/81 [centaur/arrow (7)]
  6463 | D:8      | Shot with an arrow by a centaur

Skill      XL: |  1  2  3  4  5  6  7  8  9 |
---------------+----------------------------+-----
Axes           | 4 5 7 9 10 | 10.0
Fighting       | 4 5 6 7 |  7.8
Dodging        | 3 4 5 6 7 |  7.0
Armour         | 3 4 5 6 7 |  7.2

Action                   |  1- 3 |  4- 6 |  7- 9 || total
-------------------------+-------+-------+-------++-------
Melee: Hand axe          |    79 |    53 |       ||   132
       Headbutt          |    11 |    10 |    32 ||    53
       Battleaxe         |       |    31 |   162 ||   193
Invok: Berserk           |     1 |     1 |       ||     2
 Stab: Sleeping          |     1 |       |       ||     1
  Eat: Chunk             |     2 |     9 |    11 ||    22
Armor: Animal skin       |    27 |       |       ||    27
       Ring mail         |    13 |    22 |    53 ||    88
Dodge: Dodged            |    57 |    71 |   124 ||   252
